 Dungeon Crawl Stone Soup version 0.30-a0-364-gf6b3ef1049 (webtiles) character file.

Game seed: 13552240918479622282

8804 funkygono the Thaumaturge (level 11, -2/72 HPs)
             Began as a Demonspawn Fire Elementalist on Nov 15, 2022.
             Was a Believer of Vehumet.
             Slain by a wraith (6 damage)
             ... on level 9 of the Dungeon.
             The game lasted 00:20:43 (8369 turns).

funkygono the Thaumaturge (DsFE)                    Turns: 8369, Time: 00:20:44

Health: -2/72      AC: 15    Str:  8    XL:     11   Next: 14%
Magic:  0/25       EV: 13    Int: 21    God:    Vehumet [**....]
Gold:   605        SH:  0    Dex: 16    Spells: 10/30 levels left

rFire   + . .      SeeInvis .    e - +2 mace of Tentacled Duty {drain, rF+}
rCold   + . .      Faith    .    (no shield)
rNeg    + . .      Spirit   +    C - +2 robe {Will+}
rPois   .          Reflect  .    x - +1 helmet
rElec   .          Harm     .    o - +2 cloak
rCorr   .          Rampage  .    (no gloves)
Will    +....                    J - +1 pair of boots
Stlth   ++........               k - amulet of magic regeneration
HPRegen 0.32/turn                n - ring of Mehur {Ice rN+ Dex+2}
MPRegen 0.78/turn                (no ring)

@: no status effects
A: molten scales 3, magic shield, magic regeneration, demonic touch 1
a: Renounce Religion


You were on level 9 of the Dungeon.
You worshipped Vehumet.
Vehumet was pleased with you.
You visited 2 branches of the dungeon, and saw 11 of its levels.

You collected 605 gold pieces.

Inventory:

Hand Weapons
 e - the +2 mace of Tentacled Duty (weapon) {drain, rF+}
   (You found it on level 2 of the Dungeon)

   A truly terrible weapon, it drains the life of any living foe it strikes.
   rF:        It protects you from fire.
 l - a +0 whip
 t - the +4 whip of Okawaru's Regard {antimagic, rPois rN+}
   (You found it on level 3 of the Dungeon)

   It reduces the magical energy of the wielder, and disrupts the spells and
   magical abilities of those it strikes.
   Natural abilities and divine invocations are not affected.
   rPois:     It protects you from poison.
   rN:        It protects you from negative energy.
 u - a +2 quarterstaff of chaos
 y - a +1 hammer of draining
 B - a +3 whip of flaming
Armour
 d - a +1 leather armour of fire resistance
 o - a +2 cloak (worn)
 v - a +2 robe of cold resistance
 x - a +1 helmet (worn)
 C - a +2 robe of willpower (worn)
 J - a +1 pair of boots (worn)
Magical Staves
 c - a staff of poison
Jewellery
 k - an amulet of magic regeneration (around neck)
 n - the ring of Mehur (left hand) {Ice rN+ Dex+2}
   (You found it on level 5 of the Dungeon)

   [ring of ice]

   It enhances your ice magic.
   Dex:       It affects your dexterity (+2).
   rF:        It makes you vulnerable to fire.
   rC:        It protects you from cold.
   rN:        It protects you from negative energy.
 H - an amulet of reflection
 K - a +4 ring of protection
 M - a ring of ice
Wands
 s - a wand of polymorph (16)
 w - a wand of flame (10)
 A - a wand of digging (5)
Scrolls
 a - 3 scrolls of enchant weapon
 h - 5 scrolls of identify
 j - a scroll of teleportation
 G - a scroll of amnesia {unknown}
 L - a scroll of vulnerability {unknown}
Potions
 b - a potion of magic
 f - 4 potions of attraction
 g - 3 potions of mutation
 i - 3 potions of berserk rage
 m - 2 potions of invisibility
 p - 5 potions of flight
 q - 3 potions of heal wounds
 r - 4 potions of lignification
 z - 2 potions of curing
 D - a potion of cancellation
 E - 2 potions of haste
 F - a potion of brilliance
 I - 2 potions of ambrosia


   Skills:
 + Level 2.1 Fighting
 + Level 1.8 Maces & Flails
 + Level 3.8 Dodging
 - Level 1.7 Stealth
 + Level 10.4 Spellcasting
 + Level 6.7 Conjurations
 + Level 0.6 Translocations
 + Level 10.0 Fire Magic
 + Level 0.8 Earth Magic


You had 10 spell levels left.
You knew the following spells:

 Your Spells              Type           Power      Damage    Failure   Level
a - Foxfire               Conj/Fire      100%       2x1d9     1%          1
b - Scorch                Fire           100%       2d10      1%          2
c - Kindle Blastsparks    Fire/Tloc/Air  50%        2d14      4%          3
d - Flame Wave            Conj/Fire      46%        2d12      1%          4
e - Fireball              Conj/Fire      23%        3d11      5%          5
f - Blink                 Tloc           26%        N/A       7%          2
g - Sandblast             Erth           28%        2d8       4%          1
h - Static Discharge      Conj/Air       50%        2-5/arc   2%          2

Your spell library contained the following spells:

 Spells                   Type           Power      Damage    Failure   Level
 Inner Flame              Hex/Fire       31%        N/A       2%          3
 Beastly Appendage        Tmut           20%        N/A       6%          1
 Summon Small Mammal      Summ           40%        N/A       6%          1
 Wereblood                Tmut           10%        N/A       10%         2
 Call Canine Familiar     Summ           10%        N/A       19%         3
 Spider Form              Tmut/Pois      10%        N/A       19%         3
 Summon Guardian Golem    Hex/Summ       10%        N/A       19%         3
 Starburst                Conj/Fire      23%        6d8       30%         6
 Manifold Assault         Tloc           13%        N/A       43%         4
 Storm Form               Tmut/Air       5%         N/A       100%        7


Dungeon Overview and Level Annotations

Branches:
Dungeon (10/15)            Temple (1/1) D:6
   Lair: D:8-11         Orc: D:9-12

Altars:
Ashenzari
Cheibriados
Dithmenos
Fedhas
Gozag
Hepliaklqana
Kikubaaqudgha
Makhleb
Nemelex Xobeh
Okawaru
Qazlal
Ru
Sif Muna
Trog
Uskayaw
Vehumet
Wu Jian
Xom
Yredelemnul


Innate Abilities, Weirdness & Mutations

You are completely covered in molten scales. (AC +4, rF+)
When hurt, damage is shared between your health and your magic reserves.
You regenerate magic rapidly.
Your touch may inflict minor irresistible damage on your foes.


Message History

The two-headed ogre's fire resistance burns away.
The foxfire hits the two-headed ogre!
The two-headed ogre is burned terribly!
The two-headed ogre is moderately wounded.
The foxfire hits the two-headed ogre.
The two-headed ogre is burned terribly!
The two-headed ogre is heavily wounded.
The wraith hits you but does no damage. The wraith hits you.
The wraith drains your vigour!
You feel as though you will be slow longer.
The two-headed ogre attacks as you move away!
The two-headed ogre hits you but does no damage.
The two-headed ogre barely misses you.
The two-headed ogre attacks as you move away!
The two-headed ogre hits you with a +0 giant spiked club.
The two-headed ogre misses you. The wraith hits you but does no damage.
The wraith attacks as you move away! The wraith hits you.
The two-headed ogre is no longer more vulnerable to fire.
The two-headed ogre completely misses you.
The two-headed ogre hits you with a +0 giant club!
The two-headed ogre attacks as you move away!
The two-headed ogre hits you with a +0 giant spiked club!!
The two-headed ogre hits you with a +0 giant club!
The wraith barely misses you.
There is a stone staircase leading up here.
The wraith hits you but does no damage. The two-headed ogre closely misses you.
The two-headed ogre misses you. The wraith hits you but does no damage.
You climb upwards.
There is a stone staircase leading down here.
The two-headed ogre attacks as you move away!
The two-headed ogre hits you with a +0 giant spiked club!!
* * * LOW HITPOINT WARNING * * *
The two-headed ogre hits you with a +0 giant club.
* * * LOW HITPOINT WARNING * * *
You feel yourself speed up. The wraith attacks as you move away!
The wraith hits you but does no damage.
The two-headed ogre attacks as you move away!
The two-headed ogre hits you with a +0 giant spiked club!!
* * * LOW HITPOINT WARNING * * *
The two-headed ogre hits you but does no damage.
The wraith attacks as you move away! The wraith hits you!
You die...

##.....## ##.......##
#......<..# #.........#####
#.............#
#.............#
#........>....##
##...........O.### #
#............W@..##
###.........######..##
............# ##..######
###.........# #.......#
###.........# #.......#
...........########.......#
....................####.##
....##.......######## #.#
............## ##.##


You could see a two-headed ogre and a wraith.

Vanquished Creatures
  Fannar (D:10)
  Erica (D:9)
  A two-headed ogre (D:10)
  Pikel (D:4)
  A troll (D:10)
  A hornet (D:9)
  Sigmund (D:3)
  A wraith (D:10)
  2 wyverns (D:10)
  A shadow (D:9)
  5 yaks (D:10)
  Eustachio (D:5)
  Duvessa (D:6)
  Menkaure (D:6)
  2 water moccasins (D:7)
  4 sky beasts
  An ice beast (D:5)
  An orc warrior (D:8)
  An ogre (D:4)
  2 lemures (D:4)
  3 kobold brigands
  2 bullfrogs
  2 necrophages
  2 gnoll sergeants
  12 wights
  A scorpion (D:6)
  Dowan (D:6)
  20 killer bees
  4 howler monkeys
  2 jellies
  5 hounds
  3 gnoll boudas
  4 orc priests
  Crazy Yiuf (D:7)
  Jessica (D:3)
  3 iguanas
  8 orc wizards
  25 gnolls
  6 adders
  A shadow imp (D:7)
  An ufetubus (D:6)
  2 worms
  4 dart slugs
  21 orcs
  4 bats
  10 endoplasms
  5 giant cockroaches
  9 goblins
  10 hobgoblins
  3 jackals (D:3)
  27 kobolds
  2 quokkas
  11 ball pythons
  2 frilled lizards
  4 rats
251 creatures vanquished.

Vanquished Creatures (others)
  A killer bee (D:9)
  769 foxfires
  30 plants (D:10)
800 creatures vanquished.

Grand Total: 1051 creatures vanquished

Notes
Turn   | Place    | Note
-------+----------+-------------------------------------------
     0 | D:1      | funkygono the Demonspawn Fire Elementalist began the quest
                  | for the Orb.
     0 | D:1      | Reached XP level 1. HP: 13/13 MP: 3/3
   136 | D:1      | Gained mutation: You are partially covered in molten
                  | scales. (AC +2) [demonic ancestry]
   136 | D:1      | Reached XP level 2. HP: 8/19 MP: 0/5
   444 | D:1      | Gained mutation: You regenerate magic rapidly. [demonic
                  | ancestry]
   444 | D:1      | Reached XP level 3. HP: 24/24 MP: 0/6
   461 | D:1      | Learned a level 2 spell: Scorch
   465 | D:1      | Learned a level 3 spell: Kindle Blastsparks
   940 | D:1      | Gained mutation: You are mostly covered in molten scales.
                  | (AC +3) [demonic ancestry]
   940 | D:1      | Reached XP level 4. HP: 26/31 MP: 4/8
  1013 | D:2      | Identified the +2 mace of Tentacled Duty {drain, rF+}
  1636 | D:3      | Noticed Jessica
  1648 | D:3      | Killed Jessica
  1649 | D:3      | Reached XP level 5. HP: 36/36 MP: 7/10
  2014 | D:3      | Identified the +4 whip of Okawaru's Regard {antimagic,
                  | rPois rN+}
  2062 | D:3      | Noticed Sigmund
  2074 | D:3      | Killed Sigmund
  2075 | D:3      | Gained mutation: You are completely covered in molten
                  | scales. (AC +4, rF+) [demonic ancestry]
  2075 | D:3      | Reached XP level 6. HP: 42/42 MP: 5/12
  2081 | D:3      | Learned a level 4 spell: Flame Wave
  2565 | D:4      | Reached skill level 5 in Fire Magic
  2565 | D:4      | Reached XP level 7. HP: 47/47 MP: 9/14
  2573 | D:4      | Reached skill level 1 in Fighting
  2598 | D:4      | Found an ornate altar of the Wu Jian Council.
  2608 | D:4      | Found a stormy altar of Qazlal.
  2610 | D:4      | Found a shimmering blue altar of Sif Muna.
  2610 | D:4      | Found a burning altar of Makhleb.
  2610 | D:4      | Found a sacrificial altar of Ru.
  2612 | D:4      | Found a snail-covered altar of Cheibriados.
  2612 | D:4      | Found an opulent altar of Gozag.
  2612 | D:4      | Found a broken altar of Ashenzari.
  2942 | D:4      | Noticed Pikel
  2955 | D:4      | Reached skill level 5 in Spellcasting
  2992 | D:4      | Killed Pikel
  2993 | D:4      | Gained mutation: When hurt, damage is shared between your
                  | health and your magic reserves. [demonic ancestry]
  2993 | D:4      | Reached XP level 8. HP: 35/54 MP: 1/17
  3158 | D:4      | Found a blossoming altar of Fedhas.
  3158 | D:4      | Found an iron altar of Okawaru.
  3158 | D:4      | Found a hide-covered altar of Uskayaw.
  3248 | D:4      | Learned a level 5 spell: Fireball
  3266 | D:5      | Entered Level 5 of the Dungeon
  3595 | D:5      | Noticed Eustachio
  3611 | D:5      | Killed Eustachio
  3901 | D:5      | Reached skill level 1 in Maces & Flails
  3943 | D:5      | Identified the ring of Mehur {Ice rN+ Dex+2}
  4454 | D:6      | Noticed Menkaure
  4457 | D:6      | Killed Menkaure
  4458 | D:6      | Reached XP level 9. HP: 59/59 MP: 17/20
  4462 | D:6      | Noticed Duvessa
  4463 | D:6      | Noticed Dowan
  4470 | D:6      | Killed Duvessa
  4472 | D:6      | Killed Dowan
  4562 | D:6      | Found a staircase to the Ecumenical Temple.
  4616 | Temple   | Entered the Ecumenical Temple
  4646 | Temple   | Became a worshipper of Vehumet
  4985 | D:6      | Learned a level 2 spell: Blink
  5100 | D:7      | Reached skill level 5 in Conjurations
  5743 | D:7      | Found a runed translucent door.
  5744 | D:7      | Noticed Crazy Yiuf
  6058 | D:7      | Killed Crazy Yiuf
  6166 | D:8      | Found Nith's General Store.
  6176 | D:8      | Reached * piety under Vehumet
  6176 | D:8      | Offered knowledge of Magic Dart by Vehumet.
  6353 | D:8      | Reached XP level 10. HP: 67/67 MP: 22/22
  6709 | D:8      | Offered knowledge of Sandblast by Vehumet.
  6712 | D:8      | Learned a level 1 spell: Sandblast
  7244 | D:9      | Noticed Erica
  7253 | D:9      | Killed Erica
  7253 | D:9      | Reached ** piety under Vehumet
  7477 | D:9      | Offered knowledge of Static Discharge by Vehumet.
  7836 | D:9      | Found a basalt altar of Yredelemnul.
  7838 | D:9      | Noticed a profane servitor
  7845 | D:9      | Noticed an angel
  7893 | D:9      | Learned a level 2 spell: Static Discharge
  7923 | D:10     | Entered Level 10 of the Dungeon
  8004 | D:10     | Noticed a two-headed ogre
  8017 | D:10     | Killed a two-headed ogre
  8117 | D:10     | Noticed Fannar
  8135 | D:10     | Killed Fannar
  8136 | D:10     | Reached skill level 10 in Spellcasting
  8136 | D:10     | Gained mutation: Your touch may inflict minor irresistible
                  | damage on your foes. [demonic ancestry]
  8136 | D:10     | Reached XP level 11. HP: 42/72 MP: 7/25
  8277 | D:10     | Reached skill level 10 in Fire Magic
  8282 | D:10     | Noticed a two-headed ogre
  8369 | D:9      | Slain by a wraith

Illustrated notes

Levels and vault maps discovered:
D:1:      nicolae_arrival_washed_ashore, layout_rooms, st_stairs_5,
          minmay_close_crescents
D:2:      layout_rooms
D:3:      layout_basic, minmay_fractal_squares_5, uniq_jessica, uniq_sigmund
D:4:      corexii_shack_village, layout_basic, nicolae_overflows_in_rows,
          uniq_pikel
D:5:      layout_basic, uniq_eustachio
D:6:      layout_cave_pods, minmay_temple_entry_glassed_door,
          kennysheep_generic_room_12, uniq_menkaure, uniq_duvessa
D:7:      layout_loops_corners, minivault_5, uniq_crazy_yiuf_cottage
D:8:      layout_basic, serial_shops, nicolae_stop_n_shop_1,
          kennysheep_generic_room_13
D:9:      layout_rooms, grunt_temple_overflow_holy_war, moated_statue,
          uniq_erica
D:10:     nzn_winding_woodlands_small [nzn_winding_woodlands_5x15_garden,
          nzn_winding_woodlands_center_garden, nzn_winding_woodlands_5x15_pool],
          layout_irregular_city, david_lair_shrubbed,
          kennysheep_orc_monster_closet_entryway, serial_shops, shop,
          gammafunk_ghost_berserking_beasts, hex_large,
          kennysheep_generic_room_5, uniq_joseph, uniq_fannar
Temple:   hellmonk_temple_of_storms

Skill      XL: |  1  2  3  4  5  6  7  8  9 10 11 |
---------------+----------------------------------+-----
Fire Magic     | 3 4 5 6 8 9 10 | 10.0
Dodging        | 2 3 |  3.8
Spellcasting   | 3 4 6 7 8 10 | 10.4
Conjurations   | 2 3 4 5 6 |  6.7
Fighting       | 1 2 |  2.1
Maces & Flails | 1 |  1.8
Stealth        | |  1.7
Translocations | |  0.6
Earth Magic    | |  0.8

Action                   |  1- 3 |  4- 6 |  7- 9 | 10-12 || total
-------------------------+-------+-------+-------+-------++-------
Melee: Staff             |     1 |       |       |       ||     1
       Mace              |       |     3 |    14 |     5 ||    22
 Cast: Foxfire           |    53 |   126 |   198 |    69 ||   446
       Scorch            |     4 |    24 |    71 |    30 ||   129
       Kindle Blastspark |       |     1 |       |     5 ||     6
       Flame Wave        |       |       |     8 |    14 ||    22
       Sandblast         |       |       |       |     4 ||     4
  Use: Scroll            |       |       |    17 |     6 ||    23
Armor: Robe              |    12 |     5 |    32 |    40 ||    89
Dodge: Dodged            |    16 |    17 |    61 |    72 ||   166

Table legend: (Time is in decaauts)
 A = Elapsed time spent in this place.
 B = Non-inter-level travel time spent in this place.
 C = Inter-level travel time spent in this place.
 D = Time resting spent in this place.
 E = Time spent auto-exploring this place.
 F = Levels seen in this place.
 G = Mean time per level.
                   A        B        C        D        E       F      G
               +--------+--------+--------+--------+--------+-----+--------+
         Total |   8389 |   8102 |    287 |    160 |   6365 |  11 |  762.6 |
       Dungeon |   8343 |   8063 |    280 |    160 |   6335 |  10 |  834.3 |
        Temple |     45 |     38 |      7 |      0 |     30 |   1 |   45.0 |
               +--------+--------+--------+--------+--------+-----+--------+

Top non-repeatable levels by time:
     D:8: 1286 daAuts
     D:7: 1111 daAuts
     D:4: 1089 daAuts
     D:1: 923 daAuts
     D:6: 849 daAuts
     D:5: 840 daAuts
     D:3: 717 daAuts
     D:2: 540 daAuts
     D:9: 539 daAuts
    D:10: 447 daAuts
  Temple: 45 daAuts
